AoeStats
← willrhyd

Arabia

506670737Analyzed
1v1 RM · 18d ago on Sep 14, 2026· 12m 34s· 2 players
Game mode
Random Map
Map size
Tiny (2 player)
Population
200
Speed
Normal
Resources
Standard
Victory
Conquest
Starting age
Dark Age
Ending age
Imperial Age
RankedLock teamsTeams togetherTeam positionsShared explorationLock speedFull tech treeHidden civsTurbo modeCheats
Victory
Defeat
🇬🇧 Khitans · United Kingdom
1610
+13
🇲🇽 Inca · Mexico
1554
-13
Ux'Abdi
7:03 Loom
9:20 Feudal Age
10:48 Double-Bit Axe
11:03 Champi Runner
willrhyd
6:35 Loom
9:31 Feudal Age
10:00 Double-Bit Axe
12:43 Domestication
Connection lost

Rejoining the realm…

Still unreachable

The connection could not be restored.

Session expired

The server has moved on; the page needs a fresh start.